APP
OAKLAND (APP) ATHLETICS @ GREAT FALLS VOYAGERS
11/18/2046
 
TOP OF THE 1ST
Oakland (APP) Athletics batting - Pitching for Great Falls Voyagers : RHP Dicky Goedhart
Pitching: RHP Dicky Goedhart
Batting: RHB Zack DiCicco 0-0: Swinging Strike
0-1: Ground out 6-3 (Groundball, 6, EV 96.9 MPH)
Batting: RHB Steve Blackshear 0-0: Ground out 4-3 (Groundball, 4S, EV 82.5 MPH)
Batting: LHB Augustin Cormier 0-0: Ball
1-0: Fly out, F8 (Line Drive, 8RS, EV 96.2 MPH)
Top of the 1st over - 0 runs, 0 hits, 0 errors, 0 left on base; Oakland (APP) 0 - Great Falls 0
BOTTOM OF THE 1ST
Great Falls Voyagers batting - Pitching for Oakland (APP) Athletics : LHP Noah Young
Pitching: LHP Noah Young
Batting: RHB Kasey Bland 0-0: Ball
1-0: Called Strike
1-1: Ball
2-1: Called Strike
2-2: Ball
3-2: Foul Ball, location: 2F
3-2: Base on Balls
Batting: LHB Justin Stickney 0-0: Ball
1-0: Foul Ball, location: 2F
1-1: Ball
2-1: Called Strike
2-2: Foul Ball, location: 2F
2-2: Grounds into double play, 5-4-3 (Groundball, 56S, EV 81.2 MPH)
Batting: RHB Mike Rosa 0-0: Called Strike
0-1: SINGLE (Groundball, 4D, EV 96.9 MPH)
Batting: RHB Andy Cotton 0-0: Ball
1-0: Swinging Strike
1-1: Foul Ball, location: 2F
1-2: Strikes out swinging
Bottom of the 1st over - 0 runs, 1 hit, 0 errors, 1 left on base; Oakland (APP) 0 - Great Falls 0
TOP OF THE 2ND
Oakland (APP) Athletics batting - Pitching for Great Falls Voyagers : RHP Dicky Goedhart
Batting: RHB Marcus Kressley 0-0: Foul Ball, location: 2F
0-1: Ball
1-1: Ball
2-1: Called Strike
2-2: Strikes out swinging
Batting: RHB Darius Mitchell 0-0: Called Strike
0-1: Fly out, F6 (Line Drive, 6, EV 70.0 MPH)
Batting: RHB Antonio Olivares 0-0: Ball
1-0: Ball
2-0: Fly out, F8 (Flyball, 8RD, EV 82.5 MPH)
Top of the 2nd over - 0 runs, 0 hits, 0 errors, 0 left on base; Oakland (APP) 0 - Great Falls 0
BOTTOM OF THE 2ND
Great Falls Voyagers batting - Pitching for Oakland (APP) Athletics : LHP Noah Young
Batting: RHB Mitch Cuadros 0-0: Ball
1-0: SOLO HOME RUN (Line Drive, 7D, EV 102.5 MPH), Distance : 385 ft
Batting: RHB David Rhodes 0-0: Ball
1-0: Ball
2-0: Foul Ball, location: 2F
2-1: Foul Ball, location: 2F
2-2: Ground out 3-1 (Groundball, 34, EV 103.1 MPH)
Batting: SHB Jay Gagnon 0-0: Ground out 5-3 (Groundball, 5, EV 102.5 MPH)
Batting: RHB Tommy Ellington 0-0: Foul Ball, location: 2F
0-1: Foul Ball, location: 2F
0-2: Ball
1-2: Strikes out swinging
Bottom of the 2nd over - 1 run, 1 hit, 0 errors, 0 left on base; Oakland (APP) 0 - Great Falls 1
TOP OF THE 3RD
Oakland (APP) Athletics batting - Pitching for Great Falls Voyagers : RHP Dicky Goedhart
Batting: LHB Alex Shannon 0-0: Ball
1-0: SINGLE (Line Drive, 78S, EV 98.8 MPH)
Batting: RHB Andy Teague 0-0: Foul Ball, location: 2F
0-1: Swinging Strike
0-2: Strikes out swinging
Batting: SHB Matt Schmidt 0-0: Ball
1-0: Bunted foul
1-1: Bunt missed!
1-2: Sac Bunt to 23 - play at first, batter OUT! 3-4
Alex Shannon to second
Batting: RHB Zack DiCicco 0-0: Ball
1-0: Ball
2-0: Foul Ball, location: 2F
2-1: Ball
3-1: Base on Balls
Batting: RHB Steve Blackshear 0-0: Ball
1-0: Ground out U3 (Groundball, 13, EV 79.4 MPH)
Top of the 3rd over - 0 runs, 1 hit, 0 errors, 2 left on base; Oakland (APP) 0 - Great Falls 1
BOTTOM OF THE 3RD
Great Falls Voyagers batting - Pitching for Oakland (APP) Athletics : LHP Noah Young
Batting: SHB Jose Romo 0-0: Called Strike
0-1: Called Strike
0-2: Ground out 6-3 (Groundball, 6M, EV 91.9 MPH)
Batting: RHB Kasey Bland 0-0: Called Strike
0-1: Ground out U3 (Groundball, 23, EV 89.4 MPH)
Batting: LHB Justin Stickney 0-0: Ball
1-0: Foul Ball, location: 2F
1-1: Ball
2-1: Called Strike
2-2: Foul Ball, location: 2F
2-2: Ball
3-2: Foul Ball, location: 2F
3-2: Ground out 6-3 (Groundball, 56, EV 86.9 MPH)
Bottom of the 3rd over - 0 runs, 0 hits, 0 errors, 0 left on base; Oakland (APP) 0 - Great Falls 1
TOP OF THE 4TH
Oakland (APP) Athletics batting - Pitching for Great Falls Voyagers : RHP Dicky Goedhart
Batting: LHB Augustin Cormier 0-0: Called Strike
0-1: Ball
1-1: Ball
2-1: Ball
3-1: Base on Balls
Batting: RHB Marcus Kressley 0-0: Ball
1-0: Ball
2-0: Foul Ball, location: 2F
2-1: Foul Ball, location: 2F
2-2: Fielders Choice at 2nd, 6-4 (Groundball, 6D, EV 81.9 MPH)
Batting: RHB Darius Mitchell 0-0: Called Strike
0-1: DOUBLE (Line Drive, 9LS, EV 88.8 MPH)
Marcus Kressley to third
Batting: RHB Antonio Olivares 0-0: Called Strike
0-1: Swinging Strike
0-2: Strikes out looking
Batting: LHB Alex Shannon 0-0: Called Strike
0-1: Ball
1-1: Swinging Strike
1-2: Strikes out looking
Top of the 4th over - 0 runs, 1 hit, 0 errors, 2 left on base; Oakland (APP) 0 - Great Falls 1
BOTTOM OF THE 4TH
Great Falls Voyagers batting - Pitching for Oakland (APP) Athletics : LHP Noah Young
Batting: RHB Mike Rosa 0-0: SOLO HOME RUN (Line Drive, 78XD, EV 105.0 MPH), Distance : 414 ft
Batting: RHB Andy Cotton 0-0: Ball
1-0: Ball
2-0: Ball
3-0: Base on Balls
Batting: RHB Mitch Cuadros 0-0: Called Strike
0-1: Ball
1-1: Swinging Strike
1-2: Ball
2-2: Ball
3-2: Base on Balls
Andy Cotton to second
Batting: RHB David Rhodes 0-0: Called Strike
0-1: Ball
1-1: SINGLE (Groundball, 6MD, EV 97.5 MPH)
Andy Cotton to third
Mitch Cuadros to second
Runner from 3rd tries for Home, throw by CF and OUT! 8-2
Batting: SHB Jay Gagnon 0-0: Swinging Strike
0-1: Swinging Strike
0-2: Ball
1-2: Ball
2-2: Ball
3-2: Base on Balls
Mitch Cuadros to third
David Rhodes to second
Batting: RHB Tommy Ellington 0-0: Ball
1-0: Foul Ball, location: 2F
1-1: Ball
2-1: Ball
3-1: Foul Ball, location: 2F
3-2: Foul Ball, location: 2F
3-2: Base on Balls
Mitch Cuadros scores
David Rhodes to third
Jay Gagnon to second
Batting: SHB Jose Romo 0-0: DOUBLE (Line Drive, 78D, EV 112.5 MPH)
David Rhodes scores
Jay Gagnon scores
Tommy Ellington to third
Runner from 3rd tries for Home, SAFE, throw by LF to trailing runner, SAFE at third!
Batting: RHB Kasey Bland 0-0: Foul Ball, location: 2F
0-1: Swinging Strike
0-2: Foul Ball, location: 2F
0-2: Strikes out swinging
Batting: LHB Justin Stickney 0-0: Ball
1-0: Ball
2-0: Called Strike
2-1: Called Strike
2-2: Fly out, F9 (Flyball, 9LMF, EV 78.8 MPH)
Bottom of the 4th over - 5 runs, 3 hits, 0 errors, 1 left on base; Oakland (APP) 0 - Great Falls 6
TOP OF THE 5TH
Oakland (APP) Athletics batting - Pitching for Great Falls Voyagers : RHP Dicky Goedhart
Batting: RHB Andy Teague 0-0: Called Strike
0-1: Swinging Strike
0-2: Strikes out swinging
Batting: SHB Matt Schmidt 0-0: Swinging Strike
0-1: Called Strike
0-2: Strikes out looking
Batting: RHB Zack DiCicco 0-0: Called Strike
0-1: Swinging Strike
0-2: Ball
1-2: Ball
2-2: Strikes out looking
Top of the 5th over - 0 runs, 0 hits, 0 errors, 0 left on base; Oakland (APP) 0 - Great Falls 6
BOTTOM OF THE 5TH
Great Falls Voyagers batting - Pitching for Oakland (APP) Athletics : LHP Noah Young
Batting: RHB Mike Rosa 0-0: Ball
1-0: Foul Ball, location: 2F
1-1: Ground out U3 (Groundball, 34S, EV 92.5 MPH)
Batting: RHB Andy Cotton 0-0: Ball
1-0: Ball
2-0: Called Strike
2-1: Foul Ball, location: 2F
2-2: Foul Ball, location: 2F
2-2: Foul Ball, location: 2F
2-2: Ground out 4-3 (Groundball, 4M, EV 85.6 MPH)
Batting: RHB Mitch Cuadros 0-0: Ball
1-0: Called Strike
1-1: Ball
2-1: Ball
3-1: Foul Ball, location: 2F
3-2: Strikes out swinging
Bottom of the 5th over - 0 runs, 0 hits, 0 errors, 0 left on base; Oakland (APP) 0 - Great Falls 6
TOP OF THE 6TH
Oakland (APP) Athletics batting - Pitching for Great Falls Voyagers : RHP Dicky Goedhart
Batting: RHB Steve Blackshear 0-0: Ball
1-0: Called Strike
1-1: Swinging Strike
1-2: Foul Ball, location: 2F
1-2: Hit by Pitch
Batting: LHB Augustin Cormier 0-0: Foul Ball, location: 2F
0-1: Ball
1-1: Called Strike
1-2: Ball
2-2: Ball
3-2: Strikes out looking
Steve Blackshear steals 2nd base
Batter strikes out.
Batting: RHB Marcus Kressley 0-0: Ball
1-0: Ground out 1-3 (Groundball, 34S, EV 74.4 MPH)
Steve Blackshear to third
Batting: RHB Darius Mitchell 0-0: Ground out 6-3 (Groundball, 6, EV 108.8 MPH)
Top of the 6th over - 0 runs, 0 hits, 0 errors, 1 left on base; Oakland (APP) 0 - Great Falls 6
BOTTOM OF THE 6TH
Great Falls Voyagers batting - Pitching for Oakland (APP) Athletics : LHP Noah Young
Batting: RHB David Rhodes 0-0: Ball
1-0: Swinging Strike
1-1: TRIPLE (Flyball, 89XD, EV 98.1 MPH)
Batting: SHB Jay Gagnon 0-0: Foul Ball, location: 2F
0-1: Foul Ball, location: 2F
0-2: Ball
1-2: Ground out 5-3 (Groundball, 5, EV 82.5 MPH)
Batting: RHB Tommy Ellington 0-0: Ball
1-0: SINGLE (Line Drive, 89M, EV 107.5 MPH)
David Rhodes scores
Batting: SHB Jose Romo 0-0: Ball
1-0: Called Strike
1-1: Ball
2-1: Called Strike
2-2: Strikes out swinging
Batting: RHB Kasey Bland 0-0: Fly out, F2 (Popup, 23F, EV 89.4 MPH)
Bottom of the 6th over - 1 run, 2 hits, 0 errors, 1 left on base; Oakland (APP) 0 - Great Falls 7
TOP OF THE 7TH
Oakland (APP) Athletics batting - Pitching for Great Falls Voyagers : RHP Dicky Goedhart
Pitching: RHP Ivan Gaona
Batting: RHB Antonio Olivares 0-0: Ground out 5-3 (Groundball, 56, EV 111.2 MPH)
Batting: LHB Alex Shannon 0-0: Called Strike
0-1: Called Strike
0-2: Ground out 6-3 (Groundball, 6, EV 88.1 MPH)
Batting: RHB Andy Teague 0-0: Ball
1-0: Ball
2-0: Ground out U3 (Groundball, 3, EV 85.0 MPH)
Top of the 7th over - 0 runs, 0 hits, 0 errors, 0 left on base; Oakland (APP) 0 - Great Falls 7
BOTTOM OF THE 7TH
Great Falls Voyagers batting - Pitching for Oakland (APP) Athletics : LHP Noah Young
Batting: LHB Justin Stickney 0-0: Ball
1-0: Ball
2-0: Ground out 4-3 (Groundball, 4M, EV 82.5 MPH)
Batting: RHB Mike Rosa 0-0: Fly out, F7 (Flyball, 7S, EV 89.4 MPH)
Batting: RHB Andy Cotton 0-0: Ball
1-0: Called Strike
1-1: Foul Ball, location: 2F
1-2: SOLO HOME RUN (Flyball, 9LD, EV 93.1 MPH), Distance : 338 ft
Batting: RHB Mitch Cuadros 0-0: Called Strike
0-1: Ball
1-1: SOLO HOME RUN (Flyball, 7LD, EV 97.5 MPH), Distance : 357 ft
Batting: RHB David Rhodes 0-0: Foul Ball, location: 2F
0-1: Ball
1-1: Ball
2-1: Foul Ball, location: 2F
2-2: Ball
3-2: Foul Ball, location: 2F
3-2: Foul Ball, location: 2F
3-2: Foul Ball, location: 2F
3-2: Base on Balls
Batting: SHB Jay Gagnon 0-0: Ball
1-0: Foul Ball, location: 2F
1-1: Foul Ball, location: 2F
1-2: Foul Ball, location: 2F
1-2: Foul Ball, location: 2F
1-2: Ball
2-2: SINGLE (Groundball, 34D, EV 104.4 MPH)
David Rhodes to second
Runner from 2nd tries for 3rd, SAFE, throw by RF made to third
Jay Gagnon to second
Batting: RHB Tommy Ellington 0-0: Called Strike
0-1: DOUBLE (Groundball, 5L, EV 106.2 MPH)
David Rhodes scores
Jay Gagnon scores
Batting: SHB Jose Romo 0-0: Called Strike
0-1: Called Strike
0-2: Ball
1-2: Ball
2-2: Ball
3-2: Base on Balls
Batting: RHB Kasey Bland 0-0: Reached via error on a dropped throw from SS, E4 (Groundball, 6, EV 100.6 MPH)
Tommy Ellington to third
Jose Romo to second
Batting: LHB Justin Stickney 0-0: Ball
1-0: Fly out, F8 (Flyball, 8RD, EV 102.5 MPH)
Bottom of the 7th over - 4 runs, 4 hits, 1 error, 3 left on base; Oakland (APP) 0 - Great Falls 11
TOP OF THE 8TH
Oakland (APP) Athletics batting - Pitching for Great Falls Voyagers : RHP Ivan Gaona
Batting: SHB Matt Schmidt 0-0: Called Strike
0-1: Ball
1-1: Foul Ball, location: 2F
1-2: Foul Ball, location: 2F
1-2: Strikes out swinging
Batting: RHB Zack DiCicco 0-0: Swinging Strike
0-1: Swinging Strike
0-2: Ball
1-2: Foul Ball, location: 2F
1-2: Strikes out swinging
Batting: RHB Steve Blackshear 0-0: Ground out 6-3 (Groundball, 6, EV 80.6 MPH)
Top of the 8th over - 0 runs, 0 hits, 0 errors, 0 left on base; Oakland (APP) 0 - Great Falls 11
BOTTOM OF THE 8TH
Great Falls Voyagers batting - Pitching for Oakland (APP) Athletics : LHP Noah Young
Batting: RHB Mike Rosa 0-0: Ball
1-0: Ball
2-0: Ball
3-0: Called Strike
3-1: Base on Balls
Batting: RHB Andy Cotton 0-0: Ball
1-0: Foul Ball, location: 2F
1-1: Foul Ball, location: 2F
1-2: 2-RUN HOME RUN (Flyball, 7D, EV 93.8 MPH), Distance : 369 ft
Batting: RHB Mitch Cuadros 0-0: Ball
1-0: Ball
2-0: SOLO HOME RUN (Flyball, 78XD, EV 110.0 MPH), Distance : 415 ft
Batting: RHB David Rhodes 0-0: Ball
1-0: Ball
2-0: Ball
3-0: Base on Balls
Batting: SHB Jay Gagnon 0-0: DOUBLE (Line Drive, 9LS, EV 101.2 MPH)
David Rhodes to third
Runner from 3rd tries for Home, throw by RF and OUT! 9-4-2
Batting: RHB Tommy Ellington 0-0: Ball
1-0: Ball
2-0: Foul Ball, location: 2F
2-1: Foul Ball, location: 2F
2-2: Ball
3-2: Foul Ball, location: 2F
3-2: Base on Balls
Batting: SHB Jose Romo 0-0: Called Strike
0-1: Ball
1-1: Swinging Strike
1-2: Foul Ball, location: 2F
1-2: Strikes out swinging
Batting: RHB Kasey Bland 0-0: Ground out 4-3 (Groundball, 4, EV 90.0 MPH)
Bottom of the 8th over - 3 runs, 3 hits, 0 errors, 2 left on base; Oakland (APP) 0 - Great Falls 14
TOP OF THE 9TH
Oakland (APP) Athletics batting - Pitching for Great Falls Voyagers : RHP Ivan Gaona
Batting: LHB Augustin Cormier 0-0: Ball
1-0: Ball
2-0: Swinging Strike
2-1: Swinging Strike
2-2: Ball
3-2: Foul Ball, location: 2F
3-2: Foul Ball, location: 2F
3-2: Strikes out swinging
Batting: RHB Marcus Kressley 0-0: Ball
1-0: Ball
2-0: Ball
3-0: Called Strike
3-1: Fly out, F8 (Line Drive, 89M, EV 84.4 MPH)
Batting: RHB Darius Mitchell 0-0: Ball
1-0: Swinging Strike
1-1: Ball
2-1: SINGLE (Groundball, 56D, EV 100.0 MPH)
Batting: RHB Antonio Olivares 0-0: Ball
1-0: Called Strike
1-1: Ball
2-1: Fly out, F8 (Flyball, 89D, EV 103.8 MPH)
Top of the 9th over - 0 runs, 1 hit, 0 errors, 1 left on base; Oakland (APP) 0 - Great Falls 14
Tuesday, September 13th , 2022 - OOTP Baseball 23.7 Build 88